 Dungeon Crawl Stone Soup version 0.31.0-9-g3a7656b989 (webtiles) character file.

Game seed: 8795334605848611446

86 qw the Shooter (level 4, 0/25 HPs)
             Began as a Deep Elf Hunter on Feb 2, 2024.
             Succumbed to an adder's poison
             ... on level 2 of the Dungeon.
             The game lasted 00:00:06 (1558 turns).

qw the Shooter (Deep Elf Hunter)                    Turns: 1558, Time: 00:00:06

Health: 0/25       AC:  3    Str: 10    XL:     4   Next: 27%
Magic:  6/6        EV: 12    Int: 14    God:
Gold:   100        SH:  0    Dex: 18    Spells: 3/3 levels left

rFire   . . .        a - +0 shortbow
rCold   . . .        (shield currently unavailable)
rNeg    . . .        c - +0 leather armour
rPois   .            (no helmet)
rElec   .            (no cloak)
rCorr   .            (no gloves)
SInv    .            (no boots)
Will    +....        e - amulet of faith
Stlth   ++           g - ring of willpower
HPRegen 0.24/turn    (no ring)
MPRegen 0.10/turn

%: faith
@: lethally poisoned (0 -> -6)
A: no striking features
a: no special abilities


You were on level 2 of the Dungeon.
You visited 1 branch of the dungeon, and saw 2 of its levels.

You collected 100 gold pieces.


   Skills:
 - Level 1.5 Fighting
 + Level 7.7 Ranged Weapons
 - Level 2.4 Dodging
 - Level 1.2 Stealth


You had 3 spell levels left.
You didn't know any spells.
Your spell library was empty.

Inventory:

Hand Weapons
 a - a +0 shortbow (weapon)
Armour
 c - a +0 leather armour (worn)
Jewellery
 e - an amulet of faith (around neck)
 g - a ring of willpower (left hand)
Scrolls
 b - a scroll of poison {unknown}
 f - 2 scrolls of identify {unknown}
 k - a scroll of noise {unknown}
Potions
 d - a potion of curing {unknown}
 h - a potion of heal wounds {unknown}
 i - a potion of brilliance {unknown}
 j - 2 potions of lignification {unknown}

Dungeon Overview and Level Annotations

Branches:
Dungeon (2/15)

Altars:


Message History

Found a dagger.
f - 2 scrolls labelled SULLONUCWI (gained 1)
An adder comes into view.
The adder hisses angrily.
You shoot an arrow. The arrow misses the adder.
You shoot an arrow. The arrow misses the adder.
A dart slug comes into view.
You shoot an arrow. The arrow misses the adder.
The adder bites you.
You are poisoned.
The adder poisons you! The adder barely misses you.
You shoot an arrow. The arrow misses the adder.
You feel sick. The adder bites you but does no damage. The adder bites you.
You are more poisoned.
The adder poisons you!
You shoot an arrow. The arrow misses the adder.
You feel sick. The adder barely misses you.
You shoot an arrow. The arrow hits the adder.
The adder is moderately wounded.
You feel sick. The adder closely misses you.
You shoot an arrow. The arrow hits the adder.
The adder is heavily wounded.
You feel sick. The adder bites you. The adder barely misses you.
You shoot an arrow.
The arrow hits the adder but does no damage.
The adder is heavily wounded.
You feel sick. The adder misses you.
You shoot an arrow. The arrow misses the adder.
The arrow hits the dart slug.
The dart slug is heavily wounded.
You feel sick. The adder bites you.
You are lethally poisoned!
The adder poisons you!
You shoot an arrow. The arrow hits the adder!
You kill the adder!
You feel very sick. The dart slug launches a dart at you.
The slug dart hits you.
You shoot an arrow. The arrow hits the dart slug.
The dart slug is severely wounded.
You die...

#......###.#.......#.#.###.#.##..
##...###...##..#####.#.###.#.##..
.# ###......#........#.......####
####...)....##.#########.#####
.#...........#.# #.# ###
.##..........### #.# #..
..#.....}.....# #.# #.#
..##..........#### #.######.#
...#............@# #.....##.#
...##........###%# ####...#.#
....#......### .w# #.#.%..
....##%..### .... #...#.>
.......### ..###. #######
..%##### #.# .# .### .. . ## ##
##


You could see a dart slug.

Vanquished Creatures
  4 adders (D:2)
  A dart slug (D:2)
  4 ribbon worms (D:2)
  2 endoplasms (D:2)
  2 giant cockroaches (D:2)
  3 goblins
  A hobgoblin (D:1)
  3 jackals (D:1)
  2 kobolds (D:1)
  3 quokkas
  4 ball pythons
  5 bats (D:1)
  2 frilled lizards
  4 rats
40 creatures vanquished.

Notes
Turn   | Place    | Note
-------+----------+-------------------------------------------
     0 | D:1      | qw the Deep Elf Hunter began the quest for the Orb.
     0 | D:1      | Reached XP level 1. HP: 12/12 MP: 3/3
     0 | D:1      | 0 ||| qw: Version: 0.3-a-155-g5e7d8dd
     0 | D:1      | 0 ||| qw: Game counter: 1153
     0 | D:1      | 0 ||| qw: Melee chars always use a shield: true
     0 | D:1      | 0 ||| qw: God list: Okawaru
     0 | D:1      | 0 ||| qw: Allow faded altars: false
     0 | D:1      | 0 ||| qw: Do Orc after clearing Dungeon:15 true
     0 | D:1      | 0 ||| qw: Do second Lair branch before Depths: true
     0 | D:1      | 0 ||| qw: Lair rune preference: random
     0 | D:1      | 0 ||| qw: Goals: Normal
     0 | D:1      | 0 ||| PLANNING D:1-11
    92 | D:1      | Reached skill level 6 in Ranged Weapons
    92 | D:1      | Reached XP level 2. HP: 16/16 MP: 4/4
   949 | D:1      | 949 ||| UPGRADING to amulet of faith.
   954 | D:1      | 954 ||| UPGRADING to ring of willpower.
   955 | D:1      | 955 ||| READING scroll labelled PUROMI FOLIYNK.
  1056 | D:1      | 1056 ||| READING scroll labelled WACOB IJYWUEL.
  1057 | D:1      | 1057 ||| DRINKING 2 bubbling emerald potions.
  1058 | D:1      | 1058 ||| DROPPING scroll of butterflies.
  1059 | D:1      | 1059 ||| DROPPING potion of invisibility.
  1103 | D:2      | Reached XP level 3. HP: 19/20 MP: 5/5
  1263 | D:2      | Reached skill level 7 in Ranged Weapons
  1475 | D:2      | Reached XP level 4. HP: 13/25 MP: 6/6
  1557 | D:2      | HP: 6/25 [poisoned by an adder]
  1557 | D:2      | HP: 1/25 [dart slug/slug dart (5)]
  1558 | D:2      | Succumbed to an adder's poison

Levels and vault maps discovered:
D:1:      psy_arrival_terrarium, layout_basic, st_stairs_1,
          minmay_gold_behind_fungi, chequers_big_river, minmay_misc_feat_chi
D:2:      minmay_skewed_foursquare, layout_loops_cross

Skill      XL: |  1  2  3 |
---------------+----------+-----
Ranged Weapons | 6 7 |  7.7
Fighting       | |  1.5
Dodging        | |  2.4
Stealth        | |  1.2

Action                     |  1- 3 |  4- 6 || total
---------------------------+-------+-------++-------
   Fire: Shortbow          |   113 |    13 ||   126
    Use: Scroll            |     2 |       ||     2
         Potion            |     1 |       ||     1
 Armour: Leather armour    |    19 |     6 ||    25
  Dodge: Dodged            |    30 |     5 ||    35

Table legend:
 A = Non-vault XP
 B = Vault XP
 C = Vault XP percentage of total XP
 D = Non-vault monster count
 E = Vault monster count
 F = Vault count percentage of total count
                 A         B        C        D         E       F
            +---------+---------+-------+---------+---------+-------
      Total |      87 |      37 |  29.8 |      33 |       7 |  17.5
            +---------+---------+-------+---------+---------+-------
        D:1 |      26 |       4 |  13.3 |      18 |       2 |  10.0
        D:2 |      61 |      33 |  35.1 |      15 |       5 |  25.0
            +---------+---------+-------+---------+---------+-------
